 Dungeon Crawl Stone Soup version 0.27.0-1-g7a089689b8 (webtiles) character file.

Game seed: 7973777558697291849

5831 0gre the Frost Mage (level 10, -13/75 HPs)
             Began as a Gnoll Ice Elementalist on Aug 5, 2021.
             Was a Follower of Vehumet.
             Mangled by a tentacled starspawn (22 damage)
             ... on level 1 of the Abyss.
             The game lasted 00:50:32 (9552 turns).

0gre the Frost Mage (Gnoll Ice Elementalist)        Turns: 9552, Time: 00:50:33

Health: -13/75     AC: 18    Str:  9    XL:     10   Next: 80%
Magic:  20/21      EV: 30    Int: 20    God:    Vehumet [*.....]
Gold:   237        SH:  0    Dex: 16    Spells: 16/24 levels left

rFire    . . .     SeeInvis .   a - +2 morningstar
rCold    . . .     Faith    .   (no shield)
rNeg     . . .     Spirit   .   p - +3 leather armour
rPois    .         Reflect  .   t - +1 helmet
rElec    .         Harm     .   H - +2 cloak
rCorr    .         Rampage  .   C - +1 pair of gloves
Will     .....                  (no boots)
Stlth    +++.......             e - amulet "Heleymn" {Acrobat Int+3 Dex+4}
HPRegen  0.00/turn              y - +4 ring of protection
MPRegen  0.17/turn              D - +4 ring of slaying

@: acrobatic, mildly diseased, studying Maces & Flails
A: fangs 1, strong nose, distributed training
a: Renounce Religion


You were on level 1 of the Abyss.
You worshipped Vehumet.
Vehumet was aware of your devotion.
You visited 2 branches of the dungeon, and saw 11 of its levels.
You visited the Abyss 1 time.

You collected 531 gold pieces.
You spent 294 gold pieces at shops.

Inventory:

Hand Weapons
 a - a +2 morningstar (weapon)
 b - a +0 shortbow
 c - a +0 glaive
Missiles
 f - 185 arrows
 h - 19 boomerangs (quivered)
 m - 67 sling bullets
 n - 3 javelins
 o - 356 stones
 I - 43 bolts
 L - a curare-tipped dart
Armour
 p - a +3 leather armour (worn)
 t - a +1 helmet (worn)
 C - a +1 pair of gloves (worn)
 H - a +2 cloak (worn)
Magical Staves
 q - a staff of death
Jewellery
 e - the amulet "Heleymn" (around neck) {Acrobat Int+3 Dex+4}
   (You acquired it on level 9 of the Dungeon)

   [amulet of the acrobat]

   It increases your evasion while moving and waiting.
   Int:       It affects your intelligence (+3).
   Dex:       It affects your dexterity (+4).
 y - a +4 ring of protection (left hand)
 D - a +4 ring of slaying (right hand)
Wands
 s - a wand of acid (9)
 u - a wand of polymorph (6)
 G - a wand of charming (5)
 M - a wand of paralysis (18)
 O - a wand of flame (14)
Scrolls
 l - 4 scrolls of teleportation
 r - a scroll of enchant armour
 K - 2 scrolls of amnesia
Potions
 d - 2 potions of invisibility {unknown}
 g - 3 potions of mutation
 i - 2 potions of might {unknown}
 k - 3 potions of curing {unknown}
 w - a potion of magic {unknown}
 x - 2 potions of flight {unknown}
 z - a potion of degeneration {unknown}
 B - a potion of brilliance {unknown}
 F - 2 potions of cancellation {unknown}
 N - a potion of lignification {unknown}


   Skills:
 + Level 5.6 Fighting
 + Level 5.6 Short Blades
 + Level 5.6 Long Blades
 + Level 5.6 Axes
 + Level 6.7 Maces & Flails
 + Level 5.6 Polearms
 + Level 5.6 Staves
 + Level 5.6 Slings
 + Level 5.6 Bows
 + Level 5.6 Crossbows
 + Level 5.6 Throwing
 + Level 5.6 Armour
 + Level 7.3 Dodging
 + Level 7.1 Stealth
 + Level 5.6 Shields
 + Level 5.6 Unarmed Combat
 + Level 7.6 Spellcasting
 + Level 4.6 Conjurations
 + Level 4.6 Hexes
 + Level 4.6 Summonings
 + Level 4.6 Necromancy
 + Level 4.6 Translocations
 + Level 4.6 Transmutations
 + Level 4.6 Fire Magic
 + Level 8.6 Ice Magic
 + Level 4.6 Air Magic
 + Level 4.6 Earth Magic
 + Level 4.6 Poison Magic
 + Level 6.2 Invocations
 + Level 5.6 Evocations


You had 16 spell levels left.
You knew the following spells:

 Your Spells              Type           Power      Damage    Failure   Level
a - Freeze                Ice            100%       1d11      1%          1
b - Frozen Ramparts       Ice            84%        1d10      1%          3
c - Tukima's Dance        Hex            26%        N/A       5%          3
q - Sandblast             Erth           52%        2d12      1%          1

Your spell library contained the following spells:

 Spells                   Type           Power      Damage    Failure   Level
 Corona                   Hex            28%        N/A       1%          1
 Ensorcelled Hibernation  Hex/Ice        68%        N/A       1%          2
 Ozocubu's Armour         Ice            42%        N/A       1%          3
 Hailstorm                Conj/Ice       34%        3d9       8%          4


Dungeon Overview and Level Annotations

Branches:
Dungeon (10/15)            Temple (1/1) D:7             Orc (0/2) D:9
   Lair: D:8-11

Altars:
Ashenzari
Cheibriados
Dithmenos
Elyvilon
Fedhas
Gozag
Hepliaklqana
Kikubaaqudgha
Makhleb
Nemelex Xobeh
Okawaru
Qazlal
Sif Muna
Trog
Uskayaw
Vehumet
Wu Jian
Xom
Yredelemnul
Zin
The Shining One

Shops:
D:1 =((   D:6 *   D:9 !

Annotations:
D:9 Erolcha


Innate Abilities, Weirdness & Mutations

You have very sharp teeth.
Your uncanny sense of smell can sniff out nearby items.
Your experience applies equally to all skills.


Message History

The white imp resists.
The wall freezes the white imp.
You kill the white imp!
Vehumet accepts your kill.
The wall freezes the chaos spawn.
You hit the chaos spawn but do no damage.
The chaos spawn is lightly wounded.
The wall freezes the chaos spawn.
The chaos spawn hits you!
* * * LOW HITPOINT WARNING * * *
The chaos spawn shocks you!
* * * LOW HITPOINT WARNING * * *
You puncture the chaos spawn! Your bite misses the chaos spawn.
The chaos spawn is heavily wounded.
The wall freezes the chaos spawn.
The chaos spawn gores you but does no damage.
You hit the chaos spawn.
The chaos spawn is severely wounded.
The frozen ramparts melt away.
The chaos spawn hits you but does no damage.
Casting: Frozen Ramparts (safe; 1% risk of failure)
Confirm with . or Enter, or press ? or * to list all spells.
Casting: Frozen Ramparts (safe; 1% risk of failure)
Press: ? - help, Dir - look around, f - activate The walls around you are covered in ice.
The wall freezes the chaos spawn.
The chaos spawn closely misses you.
You completely miss the chaos spawn. Your bite misses the chaos spawn.
The chaos spawn is severely wounded.
The wall freezes the chaos spawn!
The chaos spawn barely misses you.
You hit the chaos spawn.
The chaos spawn is almost dead.
The wall freezes the chaos spawn.
You kill the chaos spawn!
Vehumet accepts your kill.
The chaos spawn degenerates into a cloud of primal chaos!
The frozen ramparts melt away as you move.
A ynoxinul comes into view.
A tentacled starspawn comes into view.
Found a book of the Moon.
A tentacled starspawn comes into view.
The tentacled starspawn bites you!!
You die...

.. # #. #..# .#
...#.## ..$§.§.#..
#.... ..#...§ .
.#.... .##..# .. .
#..##.##.§### # #
##...#§...§§ . .
#.###.§..§§ ## ..
#....##..##
#..#....##@:##..#
#.....§.X..§....
...#...§....§.§§..
..##..#..##.§##..#
.#.....#..#§.##..#
#...# ..#.§.§# ...
#..# .##.§#.§. #.
#.. .# # §##§ .#


You could see a tentacled starspawn.

Vanquished Creatures
  Harold (D:9)
  2 smoke demons (Abyss:1)
  2 ancient zymes (Abyss:1)
  A large abomination (Abyss:1)
  A wraith (Abyss:1)
  A wyvern (D:8)
  A chaos spawn (Abyss:1)
  2 yaks (D:8)
  A basilisk (D:8)
  A steam dragon (D:7)
  5 orc warriors
  A water moccasin (D:8)
  A black bear (D:6)
  An ogre (D:4)
  A necrophage (D:4)
  2 centaurs
  2 kobold brigands
  3 bullfrogs
  A small abomination (Abyss:1)
  A scorpion (D:4)
  17 killer bees
  A centaur zombie (D:9)
  4 jellies
  2 hounds
  A bullfrog skeleton (D:6)
  6 orc wizards
  3 iguanas
  A howler monkey zombie (D:6)
  8 adders
  7 gnolls
  A shadow imp (D:8)
  2 white imps (Abyss:1)
  2 ufetubi (Abyss:1)
  3 adder skeletons
  A worm (D:4)
  23 orcs
  9 ball pythons
  A bat (D:2)
  12 endoplasms
  5 giant cockroaches
  9 goblins
  7 hobgoblins
  9 jackals
  3 quokkas
  11 frilled lizards
  18 kobolds
  7 rats
204 creatures vanquished.

Vanquished Creatures (collateral kills)
  A yak (D:8)
1 creature vanquished.

Vanquished Creatures (others)
  A fungus (D:1)
  7 plants (D:2)
8 creatures vanquished.

Grand Total: 213 creatures vanquished

Notes
Turn   | Place    | Note
-------+----------+-------------------------------------------
     0 | D:1      | 0gre the Gnoll Ice Elementalist began the quest for the
                  | Orb.
     0 | D:1      | Reached XP level 1. HP: 13/13 MP: 6/6
   284 | D:1      | Reached XP level 2. HP: 19/19 MP: 7/7
   363 | D:1      | Found Atobbe's Antique Weapon Shoppe.
   586 | D:1      | Found Toveceh's Jewellery Shop.
   649 | D:1      | Found a faded altar of an unknown god.
   662 | D:1      | Reached XP level 3. HP: 25/25 MP: 9/9
   666 | D:1      | Learned a level 3 spell: Frozen Ramparts
   713 | D:1      | Reached skill level 5 in Spellcasting
  1001 | D:1      | Found Acveuvid's Weapon Shoppe.
  1184 | D:2      | Reached skill level 1 in Invocations
  1301 | D:2      | Reached skill level 1 in Fighting
  1301 | D:2      | Reached skill level 1 in Short Blades
  1301 | D:2      | Reached skill level 1 in Long Blades
  1301 | D:2      | Reached skill level 1 in Axes
  1301 | D:2      | Reached skill level 1 in Maces & Flails
  1301 | D:2      | Reached skill level 1 in Polearms
  1301 | D:2      | Reached skill level 1 in Staves
  1301 | D:2      | Reached skill level 1 in Slings
  1301 | D:2      | Reached skill level 1 in Bows
  1301 | D:2      | Reached skill level 1 in Crossbows
  1301 | D:2      | Reached skill level 1 in Throwing
  1301 | D:2      | Reached skill level 1 in Armour
  1301 | D:2      | Reached skill level 1 in Shields
  1301 | D:2      | Reached skill level 1 in Unarmed Combat
  1301 | D:2      | Reached skill level 1 in Evocations
  1381 | D:2      | Reached XP level 4. HP: 32/32 MP: 6/11
  1826 | D:2      | Reached skill level 1 in Conjurations
  1826 | D:2      | Reached skill level 1 in Hexes
  1826 | D:2      | Reached skill level 1 in Summonings
  1826 | D:2      | Reached skill level 1 in Necromancy
  1826 | D:2      | Reached skill level 1 in Translocations
  1826 | D:2      | Reached skill level 1 in Transmutations
  1826 | D:2      | Reached skill level 1 in Fire Magic
  1826 | D:2      | Reached skill level 1 in Air Magic
  1826 | D:2      | Reached skill level 1 in Earth Magic
  1826 | D:2      | Reached skill level 1 in Poison Magic
  2035 | D:2      | Learned a level 3 spell: Ozocubu's Armour
  2193 | D:3      | Reached XP level 5. HP: 37/37 MP: 12/12
  3065 | D:4      | Reached XP level 6. HP: 44/44 MP: 9/13
  3284 | D:4      | Reached skill level 5 in Dodging
  4061 | D:4      | Noticed a necrophage
  4072 | D:4      | Killed a necrophage
  4073 | D:4      | Reached XP level 7. HP: 42/51 MP: 11/15
  4163 | D:5      | Entered Level 5 of the Dungeon
  4602 | D:5      | Found an ancient bone altar of Kikubaaqudgha.
  4606 | D:5      | Found a burning altar of Makhleb.
  4607 | D:5      | Found a glowing golden altar of the Shining One.
  4636 | D:5      | Reached skill level 5 in Stealth
  4642 | D:5      | Reached XP level 8. HP: 41/58 MP: 4/16
  5204 | D:1      | Bought a runed broad axe for 189 gold pieces
  5773 | D:6      | Found Neikel's Assorted Antiques.
  5804 | D:6      | Bought a scroll labelled ABBOES UTAMUL for 27 gold pieces
  5804 | D:6      | Bought a scroll labelled WEFFET MIMOQOR for 27 gold pieces
  5804 | D:6      | Bought a fizzy red potion for 24 gold pieces
  5804 | D:6      | Bought a scroll labelled VIOLOWNIGU for 27 gold pieces
  6049 | D:7      | Found a shadowy altar of Dithmenos.
  6586 | D:7      | Found a staircase to the Ecumenical Temple.
  6983 | D:8      | Reached XP level 9. HP: 44/65 MP: 12/18
  7113 | Temple   | Entered the Ecumenical Temple
  7282 | Temple   | Became a worshipper of Vehumet
  7502 | D:8      | Reached skill level 8 in Ice Magic
  7702 | D:8      | Reached * piety under Vehumet
  7702 | D:8      | Offered knowledge of Sandblast by Vehumet.
  7724 | D:8      | Learned a level 1 spell: Sandblast
  7969 | D:8      | Reached skill level 5 in Invocations
  8385 | D:9      | Found Wausch's Distillery.
  8514 | D:9      | Reached skill level 5 in Maces & Flails
  8520 | D:9      | Found a shimmering blue altar of Sif Muna.
  8571 | D:9      | Reached XP level 10. HP: 73/73 MP: 17/20
  8795 | D:9      | Found a staircase to the Orcish Mines.
  8827 | D:9      | Identified a scroll of acquirement
  8827 | D:9      | Acquired the amulet "Heleymn" {Acrobat Int+3 Dex+4}
  8838 | D:9      | Learned a level 3 spell: Tukima's Dance
  8899 | D:9      | Noticed Harold
  8904 | D:9      | Noticed Erolcha
  8909 | D:9      | Killed Harold
  8910 | D:9      | Reached skill level 5 in Fighting
  8910 | D:9      | Reached skill level 5 in Short Blades
  8910 | D:9      | Reached skill level 5 in Long Blades
  8910 | D:9      | Reached skill level 5 in Axes
  8910 | D:9      | Reached skill level 5 in Polearms
  8910 | D:9      | Reached skill level 5 in Staves
  8910 | D:9      | Reached skill level 5 in Slings
  8910 | D:9      | Reached skill level 5 in Bows
  8910 | D:9      | Reached skill level 5 in Crossbows
  8910 | D:9      | Reached skill level 5 in Throwing
  8910 | D:9      | Reached skill level 5 in Armour
  8910 | D:9      | Reached skill level 5 in Shields
  8910 | D:9      | Reached skill level 5 in Unarmed Combat
  8910 | D:9      | Reached skill level 5 in Evocations
  8914 | D:9      | HP: 2/74 [something (42)]
  8923 | D:10     | Entered Level 10 of the Dungeon
  9246 | D:9      | Cast into level 1 of the Abyss (Erolcha)
  9246 | Abyss:1  | Found a corrupted altar of Lugonu.
  9502 | Abyss:1  | Noticed a smoke demon
  9506 | Abyss:1  | Noticed a smoke demon
  9522 | Abyss:1  | Killed a smoke demon
  9534 | Abyss:1  | Killed a smoke demon
  9547 | Abyss:1  | Noticed a tentacled starspawn
  9549 | Abyss:1  | Noticed a tentacled starspawn
  9552 | Abyss:1  | Mangled by a tentacled starspawn

Illustrated notes

Levels and vault maps discovered:
D:1:      heliophobic_arrival_ceremonial_halls, layout_basic,
          shapermc_ecumenical_altar_ellora, serial_shops, shop,
          nicolae_shop_crystal, shop, minmay_misc_feat_chi
D:2:      layout_loops_ring, minmay_lizard_king
D:3:      layout_loops_ring, portal_sewer_entry_d, st_stairs_13,
          hangedman_feature_mirror
D:4:      wad_pebble_path, layout_basic
D:5:      layout_cave_pools, gammafunk_temple_overflow_forgotten
D:6:      layout_rooms, serial_shops, shop_statue, st_stairs_13
D:7:      layout_basic, old_standard_altar, minmay_temple_entry_from_below_b
D:8:      layout_basic, minmay_manual_monolith
D:9:      layout_irregular_city, mainiacjoe_overflow_small_starburst,
          david_orc_2, serial_shops, shop_fountains, uniq_erolcha, uniq_erica,
          uniq_harold
D:10:     layout_loops_ring, mainiacjoe_overflow_paths, serial_undead,
          serial_undead_c, serial_undead_c, serial_undead_f, serial_undead_a,
          serial_undead_a, serial_undead_f, nicolae_shop_gadgets
Temple:   eino_temple_rhombus
Abyss:1:  base:
D:2

Skill      XL: |  1  2  3  4  5  6  7  8  9 10 |
---------------+-------------------------------+-----
Spellcasting   | 5 6 7 |  7.6
Invocations    | 1 2 3 4 5 6 |  6.2
Fighting       | 1 2 3 4 5 |  5.6
Short Blades   | 1 2 3 4 5 |  5.6
Long Blades    | 1 2 3 4 5 |  5.6
Axes           | 1 2 3 4 5 |  5.6
Maces & Flails | 1 2 3 5 6 |  6.7
Polearms       | 1 2 3 4 5 |  5.6
Staves         | 1 2 3 4 5 |  5.6
Slings         | 1 2 3 4 5 |  5.6
Bows           | 1 2 3 4 5 |  5.6
Crossbows      | 1 2 3 4 5 |  5.6
Throwing       | 1 2 3 4 5 |  5.6
Armour         | 1 2 3 4 5 |  5.6
Shields        | 1 2 3 4 5 |  5.6
Unarmed Combat | 1 2 3 4 5 |  5.6
Evocations     | 1 2 3 4 5 |  5.6
Conjurations   | 1 2 3 4 |  4.6
Hexes          | 1 2 3 4 |  4.6
Summonings     | 1 2 3 4 |  4.6
Necromancy     | 1 2 3 4 |  4.6
Translocations | 1 2 3 4 |  4.6
Transmutations | 1 2 3 4 |  4.6
Fire Magic     | 1 2 3 4 |  4.6
Air Magic      | 1 2 3 4 |  4.6
Earth Magic    | 1 2 3 4 |  4.6
Poison Magic   | 1 2 3 4 |  4.6
Dodging        | 5 6 7 |  7.3
Stealth        | 5 6 7 |  7.1
Ice Magic      | 8 |  8.6

Action                   |  1- 3 |  4- 6 |  7- 9 | 10-12 || total
-------------------------+-------+-------+-------+-------++-------
Melee: Short sword       |    61 |    70 |       |       ||   131
       Bite              |     3 |     5 |     8 |     2 ||    18
       Flail             |       |    70 |   111 |    10 ||   191
       Punch             |       |       |     1 |       ||     1
       Spear             |       |       |     4 |       ||     4
       Morningstar       |       |       |       |    45 ||    45
 Fire: Shortbow          |       |       |    63 |     5 ||    68
Throw: Javelin           |       |    10 |     5 |     9 ||    24
       Boomerang         |       |     1 |       |     2 ||     3
 Cast: Freeze            |    19 |    15 |    10 |       ||    44
       Frozen Ramparts   |     2 |     7 |    26 |    11 ||    46
       Ozocubu's Armour  |       |     1 |     2 |       ||     3
       Sandblast         |       |       |     2 |     3 ||     5
       Tukima's Dance    |       |       |       |     2 ||     2
Evoke: Wand              |       |       |     1 |       ||     1
  Use: Scroll            |       |       |     6 |     8 ||    14
       Potion            |       |       |       |     3 ||     3
 Stab: Sleeping          |    10 |     8 |     2 |       ||    20
Armor: Robe              |    10 |     2 |       |       ||    12
       Leather armour    |       |    41 |   101 |    24 ||   166
Dodge: Dodged            |    45 |   102 |   134 |    51 ||   332
